[Event "Titled Tuesday Blitz August 22 Early 2023"]
[White "Preotu, Razvan"]
[Black "Chor, Kevin"]
[WhiteFideId "2613280"]
[BlackFideId "2090740"]
[WhiteElo "2710"]
[BlackElo "2566"]
[Result "1-0"]
[Round "7"]
[TimeControl "180+1"]
[Date "2023.08.22"]
[WhiteClock "0:00:42"]
[BlackClock "0:00:19"]
[Board "51"]

1. e4 c5 2. Nf3 Nc6 3. Bb5 Qb6 4. Bxc6 Qxc6 5. O-O Qxe4 6. Re1 Qg4 7. h3 Qh5 8. d4 cxd4 9. Qxd4 d6 10. Nc3 Nf6 11. Bg5 Bd7 12. Bxf6 gxf6 13. Nd5 Kd8 14. Nxf6 Qc5 15. Qxc5 dxc5 16. Nxd7 Kxd7 17. Rad1+ Kc7 18. Ng5 Rg8 19. Nxf7 Rg7 20. Ne5 Rd8 21. Rxd8 Kxd8 22. Rd1+ Kc7 23. Rd7+ Kb6 24. Rd8 Rg5 25. f4 Rf5 26. Rxf8 1-0


[Site "https://www.chess.com"]

[Event "Titled Tuesday Blitz August 22 Early 2023"]
[White "Karthik Rajaa"]
[Black "Yelisieiev, Yevhenii"]
[WhiteFideId "25035215"]
[BlackFideId "14139642"]
[WhiteElo "2707"]
[BlackElo "2559"]
[Result "0-1"]
[Round "7"]
[TimeControl "180+1"]
[Date "2023.08.22"]
[WhiteClock "0:00:03"]
[BlackClock "0:00:11"]
[Board "52"]

1. Nf3 d6 2. d4 Nf6 3. Nc3 Nbd7 4. e4 e5 5. Bc4 Be7 6. O-O O-O 7. Re1 c6 8. Bb3 a5 9. a4 exd4 10. Nxd4 Nc5 11. Ba2 Qb6 12. h3 Be6 13. Nxe6 fxe6 14. Be3 d5 15. exd5 exd5 16. Bd4 Rae8 17. Qd2 Kh8 18. Rab1 Qb4 19. Rbd1 Nxa4 20. Nxa4 Qxa4 21. Bb3 Qb5 22. Ra1 Bb4 23. c3 Bc5 24. Ba4 Qb6 25. Rxe8 Nxe8 26. Bxc5 Qxc5 27. Bc2 Nd6 28. Re1 Nc4 29. Qe2 Nxb2 30. Kh1 Qxc3 31. Rb1 Nc4 32. Rxb7 Qa1+ 33. Kh2 Qe5+ 34. Qxe5 Nxe5 35. Ra7 g6 36. f3 Nc4 37. Bd3 Rb8 38. Bxc4 dxc4 39. Rxa5 Rb5 40. Ra8+ Kg7 41. Ra3 Kf6 42. Rc3 Rc5 43. f4 Kf5 44. Kg3 Ke4 45. Kg4 Kd4 46. Rc1 c3 47. Kf3 c2 48. g4 Kd3 49. Rh1 c1=Q 0-1


[Site "https://www.chess.com"]

[Event "Titled Tuesday Blitz August 22 Early 2023"]
[White "Petrosian, Karlen"]
[Black "Kashefi, Amir Hosein"]
[WhiteFideId "4176146"]
[BlackFideId "12557935"]
[WhiteElo "2703"]
[BlackElo "2557"]
[Result "1-0"]
[Round "7"]
[TimeControl "180+1"]
[Date "2023.08.22"]
[WhiteClock "0:00:21"]
[BlackClock "0:00:02"]
[Board "53"]

1. e4 c6 2. Nf3 d5 3. d3 dxe4 4. dxe4 Qxd1+ 5. Kxd1 Bg4 6. Be2 Nd7 7. Nfd2 Bxe2+ 8. Kxe2 e5 9. a4 f6 10. Nb3 Ne7 11. Be3 Nc8 12. f3 Nd6 13. Na3 a6 14. Rhd1 Be7 15. a5 O-O-O 16. Rd3 Nf8 17. Rad1 Ne6 18. Bb6 Nf4+ 19. Kf1 Nxd3 20. Bxd8 Rxd8 21. Rxd3 Nb5 22. Rxd8+ Bxd8 23. Nc4 Bc7 24. c3 Kd7 25. Ke2 Nd6 26. Nc5+ Kc8 27. Nxd6+ Bxd6 28. Na4 Kd7 29. b4 c5 30. bxc5 Bc7 31. Kd3 Bxa5 32. Kc4 Kc6 33. Nb2 Bd8 34. Nd3 a5 35. Kb3 Kb5 36. c4+ Ka6 37. Ka4 Be7 38. Kb3 g6 39. g4 Bf8 40. Ka4 Be7 41. h3 Bf8 42. Kb3 Be7 43. Ka4 h5 44. Kb3 h4 45. Ka4 Bf8 46. f4 exf4 47. Nxf4 Bxc5 48. Nxg6 Bf2 49. Nf4 Bg3 50. Nd5 Be5 51. c5 Bd4 52. Nc7+ Ka7 53. Kb5 a4 54. Ne6 Bxc5 55. Nxc5 a3 56. Nb3 a2 57. Kb4 Kb6 58. Ka3 Kb5 59. Kxa2 Kc4 60. Kb2 Kd3 61. e5 fxe5 62. g5 e4 63. g6 e3 64. g7 e2 65. Nc1+ Ke3 66. Nxe2 b5 67. g8=Q b4 68. Qg4 b3 69. Qxh4 Kd2 70. Kxb3 Kd1 71. Kc3 Kxe2 72. Qg3 Kf1 73. Qh2 Ke1 74. Qg2 Kd1 75. Qd2# 1-0


[Site "https://www.chess.com"]

[Event "Titled Tuesday Blitz August 22 Early 2023"]
[White "Javakhadze, Zurab"]
[Black "Portela Peleteiro, Alberto"]
[WhiteFideId "13603647"]
[BlackFideId "22276106"]
[WhiteElo "2700"]
[BlackElo "2557"]
[Result "1-0"]
[Round "7"]
[TimeControl "180+1"]
[Date "2023.08.22"]
[WhiteClock "0:00:01"]
[BlackClock "0:00:02"]
[Board "54"]

1. Nf3 Nf6 2. d4 g6 3. Nbd2 Bg7 4. e4 d6 5. Bd3 O-O 6. O-O Nbd7 7. c3 e5 8. Re1 c6 9. h3 Qc7 10. a4 b6 11. b3 Rd8 12. Ba3 Bb7 13. Qc2 a6 14. Nc4 Ne8 15. Ne3 b5 16. Rad1 Ndf6 17. Ng4 Nxg4 18. hxg4 Nf6 19. dxe5 dxe5 20. g5 Nh5 21. g3 Bc8 22. Be2 Bg4 23. Nh2 Bxe2 24. Qxe2 Rxd1 25. Rxd1 Rd8 26. Nf3 Rd7 27. Rxd7 Qxd7 28. Qd2 Qxd2 29. Nxd2 h6 30. gxh6 Bxh6 31. Nf3 Nf6 32. Nxe5 Nxe4 33. c4 Nd2 34. Bc1 Bg7 35. Nxc6 Nxb3 36. cxb5 axb5 37. a5 Nc5 38. Ba3 Na6 39. Kf1 Bc3 40. Ke2 b4 41. Kd3 Be1 42. Bb2 Bxf2 43. Kc4 Bxg3 44. Kb5 Nc7+ 45. Kb6 Nd5+ 46. Kb7 Bf2 47. a6 b3 48. Nd4 1-0


[Site "https://www.chess.com"]

[Event "Titled Tuesday Blitz August 22 Early 2023"]
[White "Papasimakopoulos, Alexandros"]
[Black "Al-Tarboush, Ward"]
[WhiteFideId "4244125"]
[BlackFideId "7601450"]
[WhiteElo "2699"]
[BlackElo "2542"]
[Result "1-0"]
[Round "7"]
[TimeControl "180+1"]
[Date "2023.08.22"]
[WhiteClock "0:00:05"]
[BlackClock "0:00:00"]
[Board "55"]

1. d4 d5 2. c4 c6 3. cxd5 cxd5 4. Bf4 Nf6 5. Nc3 Nc6 6. e3 Bg4 7. Qb3 Na5 8. Qa4+ Bd7 9. Qc2 e6 10. Nf3 Be7 11. Bd3 Nc6 12. a3 Nh5 13. Be5 f6 14. Bxh7 fxe5 15. Qg6+ Kf8 16. Qxh5 e4 17. Ne5 Nxe5 18. dxe5 Be8 19. Qh3 Bg6 20. Qxe6 Bxh7 21. Nxd5 Bg8 22. Qf5+ Ke8 23. e6 Rh6 24. Qe5 Bxe6 25. Nc7+ Kf7 26. Nxa8 Qxa8 27. Qxe4 Qd8 28. O-O Bd5 29. Qf5+ Rf6 30. Qh5+ Rg6 31. f3 Be6 32. b4 Qb6 33. Rae1 Bc4 34. Rf2 Kg8 35. Rc2 Bf7 36. Rc8+ Bf8 37. Qc5 Qxc5 38. bxc5 Be6 39. Rb8 Bd5 40. Rd1 Bc6 41. Rdd8 Rf6 42. Kf2 g5 43. h3 Kg7 44. Kg3 Bxc5 45. Kg4 Bxe3 46. Rg8+ Kh7 47. Rh8+ Kg7 48. Rbg8+ Kf7 49. Rf8+ Ke7 50. Rxf6 Kxf6 51. Rf8+ Kg6 52. Rg8+ Kf6 53. Rd8 Bf4 54. g3 Bc1 55. Rd3 a5 56. h4 gxh4 57. Kxh4 Bg5+ 58. Kg4 Bc1 59. f4 Be4 60. Rd6+ Ke7 61. Rd1 1-0


[Site "https://www.chess.com"]

[Event "Titled Tuesday Blitz August 22 Early 2023"]
[White "Tregubov, Pavel V."]
[Black "Volovich, Vasily"]
[WhiteFideId "4115341"]
[BlackFideId "34169676"]
[WhiteElo "2655"]
[BlackElo "2697"]
[Result "0-1"]
[Round "7"]
[TimeControl "180+1"]
[Date "2023.08.22"]
[WhiteClock "0:00:08"]
[BlackClock "0:00:27"]
[Board "56"]

1. e4 e6 2. d4 d5 3. e5 c5 4. c3 Nc6 5. Nf3 Bd7 6. Be2 f6 7. O-O fxe5 8. dxe5 Qc7 9. Re1 O-O-O 10. Bf1 h6 11. a4 g5 12. Na3 a6 13. Nc2 Bg7 14. b4 Nxe5 15. bxc5 Nxf3+ 16. Qxf3 Nf6 17. Nd4 Ne4 18. c6 bxc6 19. Bxa6+ Kb8 20. Rb1+ Ka8 21. Rxe4 dxe4 22. Qxe4 Rb8 23. Bb5 Rhc8 24. Be3 Qe5 25. Qf3 Qd5 26. Qf7 Bxd4 27. Bxd4 cxb5 28. axb5 Kb7 29. h4 gxh4 30. Be3 Rg8 31. f3 Rbf8 32. Qe7 Rxg2+ 33. Kxg2 Qxf3+ 34. Kh2 Qg3+ 35. Kh1 Qh3+ 0-1


[Site "https://www.chess.com"]

[Event "Titled Tuesday Blitz August 22 Early 2023"]
[White "Mazurkiewicz, Michal"]
[Black "Dehtiarov, Roman"]
[WhiteFideId "1124943"]
[BlackFideId "14186640"]
[WhiteElo "2515"]
[BlackElo "2695"]
[Result "0-1"]
[Round "7"]
[TimeControl "180+1"]
[Date "2023.08.22"]
[WhiteClock "0:00:00"]
[BlackClock "0:00:03"]
[Board "57"]

1. e4 e5 2. Nf3 Nc6 3. Bb5 a6 4. Bxc6 dxc6 5. O-O Bg4 6. h3 h5 7. d3 Qf6 8. Nbd2 Ne7 9. Re1 Ng6 10. d4 Nf4 11. dxe5 Qg6 12. Nh4 Qg5 13. Ndf3 Bxf3 14. Qxf3 Qxh4 15. Bxf4 O-O-O 16. Qe3 Be7 17. Bg3 Qg5 18. Qa7 h4 19. Red1 Rd2 20. f4 Bc5+ 21. Qxc5 Rxg2+ 22. Kxg2 Qxg3+ 23. Kf1 Qxh3+ 24. Ke2 Qg4+ 25. Ke1 Qxf4 26. Qf2 Qxe4+ 27. Qe2 Qb4+ 28. c3 Qf4 29. Qf2 Qxe5+ 30. Qe2 Qf4 31. Rd3 h3 32. Qf3 Qe5+ 33. Kf1 h2 34. Qh1 Qf5+ 35. Rf3 Qxf3+ 36. Qxf3 h1=Q+ 0-1


[Site "https://www.chess.com"]

[Event "Titled Tuesday Blitz August 22 Early 2023"]
[White "Kavutskiy, Konstantin"]
[Black "Koutlas, Nikolaos"]
[WhiteFideId "2026384"]
[BlackFideId "25827138"]
[WhiteElo "2690"]
[BlackElo "2523"]
[Result "0-1"]
[Round "7"]
[TimeControl "180+1"]
[Date "2023.08.22"]
[WhiteClock "0:00:13"]
[BlackClock "0:00:56"]
[Board "58"]

1. e4 e6 2. d4 d5 3. Nd2 c5 4. Ngf3 Nc6 5. exd5 exd5 6. Bb5 Nf6 7. O-O Be7 8. dxc5 Bxc5 9. Nb3 Bb6 10. Re1+ Be6 11. Nbd4 O-O 12. c3 Ne4 13. Be3 Bd7 14. Nc2 Bg4 15. h3 Bh5 16. Be2 Re8 17. Nfd4 Bxe2 18. Rxe2 Rc8 19. Nf5 Re5 20. Bxb6 Qxb6 21. Ncd4 Nxd4 22. Nxd4 Rce8 23. Qb3 Qc7 24. Rd1 a6 25. Nf3 R5e7 26. Qxd5 g6 27. Ng5 Nxg5 28. Rxe7 Qxe7 29. h4 Ne6 30. Re1 Rd8 31. Qe5 Qxh4 32. a3 Rd2 33. Rf1 Rxb2 34. Qb8+ Kg7 0-1


[Site "https://www.chess.com"]

[Event "Titled Tuesday Blitz August 22 Early 2023"]
[White "Maus7"]
[Black "Bulmaga, Irina"]
[BlackFideId "13903063"]
[WhiteElo "2504"]
[BlackElo "2686"]
[Result "1-0"]
[Round "7"]
[TimeControl "180+1"]
[Date "2023.08.22"]
[WhiteClock "0:00:28"]
[BlackClock "0:00:10"]
[Board "59"]

1. e4 c5 2. Nf3 Nc6 3. d4 cxd4 4. Nxd4 e5 5. Nb5 d6 6. N1c3 a6 7. Na3 Nf6 8. Bg5 Be6 9. Nc4 h6 10. Bxf6 Qxf6 11. Nxd6+ Bxd6 12. Qxd6 Qg6 13. O-O-O Rd8 14. Qc5 Rxd1+ 15. Kxd1 f5 16. exf5 Bxf5 17. h4 Bxc2+ 18. Kc1 Bf5 19. Nd5 Kd7 20. Qb6 Qd6 21. Qxb7+ Ke6 22. Bc4 Na5 23. Nf4+ Kf6 24. Qf7# 1-0


[Site "https://www.chess.com"]

[Event "Titled Tuesday Blitz August 22 Early 2023"]
[White "Egor_Koshulyan"]
[Black "Hirneise, Jens"]
[BlackFideId "24614734"]
[WhiteElo "2683"]
[BlackElo "2491"]
[Result "1-0"]
[Round "7"]
[TimeControl "180+1"]
[Date "2023.08.22"]
[WhiteClock "0:00:13"]
[BlackClock "0:00:01"]
[Board "60"]

1. e4 c6 2. d4 d5 3. e5 Bf5 4. Nf3 e6 5. Be2 Nd7 6. O-O Bg6 7. a4 Ne7 8. a5 c5 9. c4 cxd4 10. Qxd4 Nc6 11. Qf4 d4 12. Nxd4 Ndxe5 13. Nxc6 Nxc6 14. Rd1 Qb8 15. Bf3 Qxf4 16. Bxf4 a6 17. Nc3 Bb4 18. Ne4 e5 19. Bg3 Ke7 20. Nc3 Bxc3 21. bxc3 Rhd8 22. Bxc6 bxc6 23. Bxe5 c5 24. Rd5 Rxd5 25. cxd5 f6 26. Bf4 Kd7 27. f3 Re8 28. Ra2 Re1+ 29. Kf2 Rb1 30. Re2 Bf7 31. d6 Be6 32. Bd2 Rb2 33. Bf4 Rb3 34. Re3 g5 35. Bg3 Rb2+ 36. Kg1 Ra2 37. f4 gxf4 38. Bxf4 Rxa5 39. Rg3 Ra1+ 40. Kf2 Ra2+ 41. Ke3 Kc6 42. Rg7 Bd7 43. Rxh7 Rxg2 44. Rh8 a5 45. Ra8 Ra2 46. Ra7 Be6 47. Rc7+ Kb5 48. Re7 Bf5 49. d7 Bxd7 50. Rxd7 a4 51. Rc7 a3 52. Bd6 c4 53. Ra7 Rc2 54. Rxa3 Kc6 55. Bg3 Kd5 56. Ra5+ Ke6 57. Kd4 1-0


[Site "https://www.chess.com"]

[Event "Titled Tuesday Blitz August 22 Early 2023"]
[White "Djordjevic, Vuk"]
[Black "KrokerGuy"]
[WhiteFideId "902098"]
[WhiteElo "2683"]
[BlackElo "2491"]
[Result "1-0"]
[Round "7"]
[TimeControl "180+1"]
[Date "2023.08.22"]
[WhiteClock "0:00:06"]
[BlackClock "0:00:01"]
[Board "61"]

1. d4 d5 2. Bf4 Nf6 3. e3 c5 4. Nd2 cxd4 5. exd4 Nc6 6. c3 Bf5 7. Ngf3 e6 8. h3 h6 9. g4 Bg6 10. Ne5 Nxe5 11. Bxe5 Nd7 12. Bg3 Be7 13. h4 h5 14. g5 f6 15. gxf6 Bxf6 16. Bh3 Kf7 17. Qf3 Re8 18. O-O Qb6 19. Qf4 e5 20. dxe5 Nxe5 21. Nf3 Nd3 22. Qa4 Nxb2 23. Qd7+ Kg8 24. Qxd5+ Kh8 25. Ng5 Bxg5 26. Qxg5 Nc4 27. Rfe1 Qf6 28. Qxf6 gxf6 29. Bg2 Reb8 30. Bxb8 Rxb8 31. Re7 b6 32. Rxa7 Ne5 33. Ra8 Rxa8 34. Bxa8 Nd3 35. Bg2 Kg7 36. a4 Nc5 37. a5 Nb3 38. axb6 Nxa1 39. b7 1-0


[Site "https://www.chess.com"]

[Event "Titled Tuesday Blitz August 22 Early 2023"]
[White "Palchuk, Andrii"]
[Black "Rietze, Clemens, Dr."]
[WhiteFideId "14176688"]
[BlackFideId "24620351"]
[WhiteElo "2675"]
[BlackElo "2471"]
[Result "1-0"]
[Round "7"]
[TimeControl "180+1"]
[Date "2023.08.22"]
[WhiteClock "0:00:04"]
[BlackClock "0:00:23"]
[Board "62"]

1. d4 Nf6 2. c4 g6 3. g3 Bg7 4. Bg2 O-O 5. Nf3 d6 6. O-O Nc6 7. Nc3 Bf5 8. Re1 a5 9. h3 e5 10. d5 Nb4 11. e4 Bd7 12. a3 Na6 13. b3 Nc5 14. Rb1 Ne8 15. b4 axb4 16. axb4 Na4 17. Nxa4 Rxa4 18. Bd2 h6 19. Ra1 Qa8 20. Rxa4 Bxa4 21. Qa1 Nf6 22. Qc3 Bd7 23. Ra1 Qb8 24. Ne1 c6 25. Be3 Rc8 26. Qb3 cxd5 27. exd5 Nh5 28. Bb6 Kh7 29. c5 Nf6 30. Nc2 Bb5 31. Ra5 Bd7 32. Ne3 Ne8 33. Nc4 Bf8 34. Qe3 f6 35. f4 dxc5 36. bxc5 exf4 37. gxf4 Ng7 38. d6 Re8 39. Qd2 Nf5 40. Bc7 Qc8 41. Nb6 Nh4 42. Nxc8 Bxc8 43. d7 Bxd7 44. Qxd7+ Re7 45. Qxe7+ Bxe7 46. Bd6 Bd8 47. Ra8 Nf5 48. Rxd8 Kg7 49. Rd7+ Kg8 50. Bd5+ Kh8 51. Rxb7 Ne3 52. Be4 Nc4 53. Be7 Na5 54. Rc7 Kg7 55. Bd8+ Kf8 56. Bxg6 Nc4 57. Bxf6 Ne3 58. Rf7+ Ke8 59. Re7+ Kd8 60. Rxe3+ Kc7 61. Re7+ Kc6 62. Rh7 Kd5 63. Rxh6 Kxc5 64. Bg5 Kd4 65. Rh7 Ke3 66. Rf7 Kf3 67. h4 Ke3 68. h5 Kd4 69. h6 Ke3 70. h7 Kd4 71. h8=Q+ Ke3 72. Qe5+ Kd2 73. Rd7+ Kc1 74. Qc7+ Kb2 75. Rd8 Kb3 76. Rb8+ Ka3 77. Qa7# 1-0


[Site "https://www.chess.com"]

[Event "Titled Tuesday Blitz August 22 Early 2023"]
[White "Amartuvshin, Ganzorig"]
[Black "LeoLV10"]
[WhiteFideId "4902548"]
[WhiteElo "2661"]
[BlackElo "2468"]
[Result "0-1"]
[Round "7"]
[TimeControl "180+1"]
[Date "2023.08.22"]
[WhiteClock "0:00:09"]
[BlackClock "0:00:22"]
[Board "63"]

1. d4 Nf6 2. c4 e6 3. Nf3 b6 4. a3 Bb7 5. Nc3 Be7 6. d5 O-O 7. e4 exd5 8. exd5 Re8 9. Be2 a5 10. O-O d6 11. Nd4 Nfd7 12. Rb1 Bf6 13. Be3 Ne5 14. b4 axb4 15. axb4 Ra3 16. Qd2 c5 17. bxc5 dxc5 18. Ndb5 Ra8 19. Ne4 Ba6 20. Nbd6 Rf8 21. Nxf6+ Qxf6 22. Rxb6 Nbd7 23. Bg5 Qg6 24. f4 Nxc4 25. Nxc4 Nxb6 26. f5 Nxc4 27. Bxc4 Qd6 28. Bxa6 Rxa6 29. f6 Qe5 30. fxg7 Re8 31. Qf2 Qd4 32. Qxd4 cxd4 33. Bf6 d3 34. Bc3 Rd6 35. Rf5 Red8 36. Kf2 Rxd5 37. Rxd5 Rxd5 38. Ke3 d2 39. Bxd2 Kxg7 40. Bc3+ Kg6 41. g3 f5 42. Bd4 Ra5 43. Kf4 Ra4 44. Ke3 Kg5 45. Be5 Kg4 46. Bd6 h5 47. h4 Re4+ 48. Kf2 Rd4 49. Bc7 Rc4 50. Bd6 Rc2+ 51. Ke3 Rg2 52. Kd4 Rxg3 53. Bxg3 Kxg3 54. Ke5 f4 55. Kf5 f3 56. Kg5 f2 57. Kxh5 f1=Q 58. Kg5 Qf8 59. Kg6 Qh8 60. h5 Kg4 61. h6 Kh4 62. h7 Kg4 63. Kh6 Kf5 64. Kh5 Qxh7# 0-1


[Site "https://www.chess.com"]

[Event "Titled Tuesday Blitz August 22 Early 2023"]
[White "Rosh Jain"]
[Black "Skvortsov, Andrei"]
[WhiteFideId "25789465"]
[BlackFideId "24108600"]
[WhiteElo "2467"]
[BlackElo "2660"]
[Result "0-1"]
[Round "7"]
[TimeControl "180+1"]
[Date "2023.08.22"]
[WhiteClock "0:00:03"]
[BlackClock "0:00:23"]
[Board "64"]

1. e4 d5 2. exd5 Qxd5 3. Nc3 Qe5+ 4. Be2 Bg4 5. d4 Bxe2 6. Ngxe2 Qa5 7. O-O Nf6 8. Bf4 Nc6 9. Bd2 Qh5 10. f3 O-O-O 11. Qe1 Qg6 12. Bf4 e6 13. Bg3 a6 14. a4 Nb4 15. Rc1 Nxc2 16. Qd2 Nxd4 17. Nxd4 Bc5 18. Ne2 b6 19. b4 Bd6 20. Bxd6 Rxd6 21. Qf4 Rhd8 22. Nc6 Nd5 23. Qe5 R8d7 24. Ncd4 Kb7 25. b5 a5 26. Nc2 f6 27. Qg3 Qf7 28. Ncd4 Ne7 29. Nc6 Nxc6 30. bxc6+ Rxc6 31. Rxc6 Kxc6 32. f4 Kb7 33. Qf3+ Kb8 34. Rc1 Rd5 35. Nc3 Rc5 36. Rd1 Qe7 37. Nb5 e5 38. fxe5 Rxe5 39. Nd4 Qc5 40. h3 Rd5 41. Qe4 Rd6 42. Kh2 g6 43. Rd2 f5 44. Qe8+ Kb7 45. Qe3 Qd5 46. Nf3 Qc6 47. Rxd6 Qxd6+ 48. Kh1 Qd1+ 49. Kh2 Qxa4 50. Ne5 Qe4 51. Qc3 a4 52. Nd3 Qc6 53. Qb4 Qd6+ 54. Qxd6 cxd6 55. Kg3 Kc6 56. Kf3 Kd5 57. Ke2 Kc4 58. Kd2 b5 59. Kc2 Kd4 60. Kd2 a3 61. Nb4 Kc4 62. Na2 b4 63. Nc1 b3 64. Nd3 a2 65. Nb2+ Kd4 66. Na4 a1=Q 67. Nc3 Qxc3+ 68. Ke2 Qc2+ 69. Ke1 b2 70. g4 b1=Q# 0-1


[Site "https://www.chess.com"]

[Event "Titled Tuesday Blitz August 22 Early 2023"]
[White "Kupervaser, Erez"]
[Black "Zhu, Jiner"]
[WhiteFideId "2814587"]
[BlackFideId "8608059"]
[WhiteElo "2423"]
[BlackElo "2660"]
[Result "0-1"]
[Round "7"]
[TimeControl "180+1"]
[Date "2023.08.22"]
[WhiteClock "0:00:01"]
[BlackClock "0:00:04"]
[Board "65"]

1. e4 e5 2. Nf3 Nc6 3. Bb5 a6 4. Ba4 d6 5. O-O g6 6. c3 Bg7 7. d4 Bd7 8. d5 Nce7 9. Bc2 h6 10. c4 f5 11. Nc3 Nf6 12. exf5 Nxf5 13. c5 O-O 14. Re1 Kh8 15. Rb1 Qe8 16. b4 Qf7 17. Bb3 Rae8 18. c6 Bc8 19. b5 e4 20. Nd2 e3 21. fxe3 Nxe3 22. Qf3 Nfg4 23. Qxf7 Rxf7 24. Nde4 Bd4 25. Bxe3 Bxe3+ 26. Kh1 axb5 27. h3 Bf2 28. hxg4 Bxe1 29. Rxe1 b4 30. Nb5 Rfe7 31. Bc2 bxc6 32. dxc6 Bxg4 33. Rf1 Bf5 34. Nf6 Rf8 35. Bxf5 Rxf6 36. Bd3 Rxf1+ 37. Bxf1 Kg7 38. Kg1 Kf6 39. Kf2 Ke5 40. Bd3 g5 41. Be2 Kd5 42. Bf3+ Kc5 43. Na7 d5 44. Nc8 Re5 45. Kg3 d4 46. Kf2 d3 47. Na7 Kd4 48. Nb5+ Rxb5 0-1


[Site "https://www.chess.com"]

[Event "Titled Tuesday Blitz August 22 Early 2023"]
[White "Ozalp, Burak"]
[Black "ArtemDyachuk"]
[WhiteFideId "6314210"]
[WhiteElo "2396"]
[BlackElo "2540"]
[Result "0-1"]
[Round "7"]
[TimeControl "180+1"]
[Date "2023.08.22"]
[WhiteClock "0:00:05"]
[BlackClock "0:00:11"]
[Board "66"]

1. e4 c6 2. Nf3 d5 3. d3 Qc7 4. Nbd2 e5 5. g3 Bd6 6. Bg2 Nf6 7. O-O O-O 8. Re1 Na6 9. c3 Nc5 10. Qc2 dxe4 11. dxe4 b5 12. b4 Ne6 13. Nb3 c5 14. bxc5 Nxc5 15. Nxc5 Bxc5 16. Bg5 Ng4 17. Rf1 h6 18. Bc1 Be6 19. h3 Nf6 20. Bb2 Bc4 21. Rfe1 Rfd8 22. Rad1 Bxa2 23. Ba3 Bc4 24. Bxc5 Qxc5 25. Nh4 a5 26. Nf5 a4 27. Qc1 Kh7 28. g4 a3 29. g5 Nh5 30. gxh6 g6 31. Qg5 Rxd1 32. Rxd1 a2 33. Ra1 Be6 34. Kh2 Qxf2 35. Qe7 Qf4+ 36. Kh1 Rg8 37. Nd6 Ng3+ 38. Kg1 Ne2+ 39. Kh1 Bxh3 40. Bxh3 Qf3+ 41. Bg2 Qh5+ 42. Bh3 Qxh3# 0-1


[Site "https://www.chess.com"]

[Event "Titled Tuesday Blitz August 22 Early 2023"]
[White "Tahbaz, Arash"]
[Black "Young_Catalan_Player09"]
[WhiteFideId "12528846"]
[WhiteElo "2892"]
[BlackElo "2407"]
[Result "0-1"]
[Round "7"]
[TimeControl "180+1"]
[Date "2023.08.22"]
[WhiteClock "0:00:00"]
[BlackClock "0:01:23"]
[Board "67"]

1. Nf3 Nf6 2. g3 d5 3. Bg2 c6 4. O-O Bg4 5. d3 Nbd7 6. Nbd2 e6 7. e4 Bd6 8. h3 Bxf3 9. Qxf3 O-O 10. Qe2 Re8 11. f4 e5 12. f5 dxe4 13. dxe4 h6 14. g4 Nh7 15. Nf3 Be7 16. Be3 Ng5 17. Nd2 Bc5 18. Kh2 Bxe3 19. Qxe3 Qb6 20. Nc4 Qxe3 21. Nxe3 Nf6 22. Rfd1 Rad8 23. Nc4 Ngxe4 24. Na5 Nf2 25. Rxd8 Rxd8 26. Nxb7 Rd2 27. Rc1 e4 28. Kg1 e3 29. Kf1 N6e4 30. Na5 e2+ 0-1


[Site "https://www.chess.com"]

[Event "Titled Tuesday Blitz August 22 Early 2023"]
[White "Shahaliyev, Ismayil"]
[Black "Lenderman, Aleksandr"]
[WhiteFideId "13406388"]
[BlackFideId "2021285"]
[WhiteElo "2592"]
[BlackElo "2843"]
[Result "0-1"]
[Round "7"]
[TimeControl "180+1"]
[Date "2023.08.22"]
[WhiteClock "0:00:00"]
[BlackClock "0:00:02"]
[Board "68"]

1. d4 d5 2. c4 Bf5 3. cxd5 Bxb1 4. Qa4+ c6 5. Rxb1 Qxd5 6. e3 Nf6 7. Nf3 e6 8. Bd2 Nbd7 9. Rc1 Nb6 10. Qa5 Ne4 11. Qxd5 exd5 12. Bd3 Be7 13. Ba5 Nd7 14. Ke2 O-O 15. Rhd1 f5 16. Ne1 Bd6 17. f3 Ng5 18. g3 Rae8 19. Kf2 Ne4+ 20. Kg1 Ng5 21. Bd2 g6 22. Be2 Be7 23. Nd3 Bf6 24. a4 Ne6 25. Bf1 Bg7 26. a5 a6 27. Bb4 Rf7 28. Kf2 Bf8 29. Bc3 Bd6 30. Re1 Rfe7 31. Rc2 Nc7 32. Bb4 Nb5 33. Bxd6 Nxd6 34. b3 Nf6 35. h4 h6 36. Nc5 g5 37. hxg5 hxg5 38. Bd3 g4 39. f4 Rh7 40. Kg2 Kf7 41. Rce2 Reh8 42. Rg1 Rh2+ 43. Kf1 Rh1 44. Rg2 Nfe4 45. Bxe4 fxe4 46. Rxh1 Rxh1+ 47. Rg1 Rh3 48. Kf2 Kg6 49. Kg2 Nf5 50. Kf2 Rh2+ 51. Rg2 Rxg2+ 52. Kxg2 Nxe3+ 53. Kg1 Nc2 54. Nxb7 e3 55. Kf1 e2+ 56. Kxe2 Nxd4+ 57. Kd3 Ne6 58. Nd6 Kf6 59. b4 Ke7 60. Nf5+ Kd7 61. Nh6 c5 62. bxc5 Nxc5+ 63. Kd4 Ne4 64. Nxg4 Nxg3 65. Kxd5 Ne2 66. Ne5+ Kc7 67. f5 Nf4+ 68. Ke4 Nh5 69. Nc4 Kc6 70. Ke5 Kb5 71. Nd6+ Kxa5 72. Ne4 Kb4 73. Ke6 a5 74. f6 Nxf6 75. Kxf6 a4 76. Nf2 Kc3 0-1


[Site "https://www.chess.com"]

[Event "Titled Tuesday Blitz August 22 Early 2023"]
[White "Galchenko, Matvey"]
[Black "Rosen, Eric"]
[WhiteFideId "24175480"]
[BlackFideId "2032562"]
[WhiteElo "2836"]
[BlackElo "2586"]
[Result "1-0"]
[Round "7"]
[TimeControl "180+1"]
[Date "2023.08.22"]
[WhiteClock "0:00:03"]
[BlackClock "0:00:00"]
[Board "69"]

1. f4 g6 2. Nf3 Bg7 3. g3 d5 4. Bg2 b6 5. O-O Bb7 6. d3 Nf6 7. Nc3 O-O 8. e4 dxe4 9. Ng5 Nc6 10. dxe4 e5 11. Be3 Qxd1 12. Raxd1 Ng4 13. Bc1 exf4 14. gxf4 Bd4+ 15. Kh1 Nf2+ 16. Rxf2 Bxf2 17. e5 Rad8 18. Rf1 Bh4 19. Nge4 Nd4 20. Be3 Nxc2 21. Bg1 c5 22. Nb5 Be7 23. Rc1 Nb4 24. Be3 a6 25. Nbd6 Bxd6 26. Nxd6 Bxg2+ 27. Kxg2 f6 28. Nc4 Nd3 29. Rc3 fxe5 30. fxe5 b5 31. Nd6 c4 32. Bd4 Nf4+ 33. Kf3 Nd5+ 34. Ke4 Nxc3+ 35. bxc3 Rf1 36. Kd5 Kf8 37. Ke6 Re1 38. Bc5 Kg7 39. Bd4 Rd1 40. Ke7 Ra8 41. e6+ Kh6 42. Nf7+ Kh5 43. Be5 Re1 44. Kf6 b4 45. cxb4 Rc8 46. e7 c3 47. Nd6 c2 48. Nxc8 c1=Q 49. e8=Q Rf1+ 50. Kg7 Rf5 51. Nd6 Rg5 52. Nf7 1-0


[Site "https://www.chess.com"]

[Event "Titled Tuesday Blitz August 22 Early 2023"]
[White "Vakhlamov, Igor L."]
[Black "Ibadov, Dashgyn"]
[WhiteFideId "24126748"]
[BlackFideId "24107514"]
[WhiteElo "2785"]
[BlackElo "2583"]
[Result "0-1"]
[Round "7"]
[TimeControl "180+1"]
[Date "2023.08.22"]
[WhiteClock "0:00:01"]
[BlackClock "0:00:07"]
[Board "70"]

1. e4 e5 2. Nf3 Nc6 3. Nc3 Nf6 4. Bb5 Bb4 5. Nd5 Nxd5 6. exd5 e4 7. dxc6 dxc6 8. Bc4 exf3 9. Qxf3 O-O 10. O-O Bd6 11. d3 b5 12. Bb3 Bb7 13. Re1 Rb8 14. Qh5 c5 15. Be3 Qd7 16. c3 Rbe8 17. a4 Re5 18. Qh4 g6 19. Bf4 Rxe1+ 20. Rxe1 Bxf4 21. Qxf4 Qxd3 22. h4 c4 23. Bd1 Qb1 24. Qd2 Qf5 25. axb5 Qxb5 26. h5 Qd5 27. Qxd5 Bxd5 28. h6 Rb8 29. Re7 Kf8 30. Rxc7 Rxb2 31. Bf3 Bxf3 32. gxf3 g5 33. Rxa7 Rb6 34. Rc7 Rxh6 35. Rxc4 Rd6 36. Kg2 h6 37. Kg3 Kg7 38. f4 Kg6 39. fxg5 hxg5 40. f3 f5 41. Rd4 Ra6 42. Rd5 Ra3 43. Rc5 Ra2 44. Rc6+ Kh5 45. Rc5 f4+ 46. Kh3 Rf2 47. c4 Rxf3+ 48. Kg2 Rc3 49. Rc8 Kg4 50. c5 Rc2+ 51. Kf1 Kf3 52. Ke1 g4 53. c6 g3 54. c7 g2 55. Rg8 Rxc7 56. Rxg2 Kxg2 0-1


[Site "https://www.chess.com"]